[Event "*** Titled Tuesday Blitz"]
[Site "Chess.com"]
[Date "2020.04.14"]
[Round "4"]
[White "Zavgorodniy_Serg"]
[Black "ChessWarrior7197"]
[Result "0-1"]
[WhiteElo "2724"]
[BlackElo "2916"]
[TimeControl "180+1"]
[EndTime "10:40:31 PDT"]
[Termination "ChessWarrior7197 won by resignation"]

1. e4 c5 2. Nf3 d6 3. c3 Nf6 4.
Bc4 g6 5. e5 dxe5 6. Nxe5 e6 7.
O-O Bg7 8. d4 cxd4 9. cxd4 O-O 10. Nc3 Nc6 11. Nxc6 bxc6 12. Bf4 Nd5 13. Bxd5 cxd5 14. Na4 Qa5 15. Re1 Qb4 16. Be3 Bd7 17. Nc5 Bc6 18. b3 Rfc8 19. h4 a5 20. h5 a4 21. a3 Qb5 22. b4 Be8 23. Rc1 Rc6 24. Qd2 Rac8 25. Bh6 Bh8 26. hxg6 hxg6 27. Qf4 Qb6 28.
Bg5 Qc7 29. Qh4 Qd6 30. Rc3 Qf8 31. Rh3 Qg7 32. Be3 f6 33. g3 g5 34. Qg4 Bf7 35.
Kg2 Qg6 36. Reh1 Bg7 37. f4 gxf4 38. Qxg6 Bxg6 39. gxf4 Be4+ 40. Nxe4 dxe4 41. f5 Rc2+ 42. Kg3 exf5 43. Kf4 R8c3 44. Kxf5 Rxa3 45. Bh6 Rxh3 46. Rxh3 Bxh6 47. Rxh6 e3 48. Rg6+ Kh7 49. Rg1 e2 50. d5 Rd2 51. Re1 a3 52. Ke6 a2 53. d6 Rd1 54. d7 a1=Q 55. d8=Q Qa2+ 56. Ke7 Rxd8 0-1

[Event "*** Titled Tuesday Blitz"]
[Site "Chess.com"]
[Date "2020.04.14"]
[Round "4"]
[White "Volodar_Murzin"]
[Black "ChesterF"]
[Result "1-0"]
[WhiteElo "2680"]
[BlackElo "2504"]
[TimeControl "180+1"]
[EndTime "10:40:31 PDT"]
[Termination "Volodar_Murzin won by resignation"]

1. d4 Nf6 2. Nf3 g6 3. Bg5 Bg7 4. Nbd2 O-O 5. e3 d6 6. Bd3 Nbd7 7. O-O b6 8. Qe2 Bb7 9. Ba6 Bc6 10. a4 Rb8 11. c3 h6 12. Bh4 g5 13. Bg3 Nh5 14. Bd3 f5 15. Ne1 Nxg3 16. fxg3 e6 17. Nc2 Bb7 18. e4 f4 19. gxf4 gxf4 20. Bc4 Qf6 21. Rf2 Kh8 22. Qg4 Rbd8 23. Raf1 e5 24. Ne3 exd4 25. Rxf4 Qg5 26. Nf5 Ne5 27. Qxg5 hxg5 28.
R4f3 Nxf3+ 29. Rxf3 g4 30. Rg3 Rxf5 31. exf5 dxc3 32. bxc3 Be5 33. Rxg4 Bxc3 34. Rh4+ Kg7 35. Nf1 Bd4+ 36. Rxd4 Re8 37. Ng3 Kf6 38. Rg4 Re1+ 39. Kf2 Rc1 40. Rg6+ Ke5 41. Re6+ Kd4 42. Ne2+ Kxc4 43.
Nxc1 Kd5 44. Re7 Ba6 45. f6 Bc4 46. f7 Kc5 47. f8=Q Kb4 48. Rxc7 Kxa4 49. Qxd6 1-0

[Event "*** Titled Tuesday Blitz"]
[Site "Chess.com"]
[Date "2020.04.14"]
[Round "4"]
[White "KarpovVadim"]
[Black "FelixJoseYnojosa"]
[Result "0-1"]
[WhiteElo "2394"]
[BlackElo "2629"]
[TimeControl "180+1"]
[EndTime "10:40:31 PDT"]
[Termination "FelixJoseYnojosa won on time"]

1. Nf3 c5 2. c4 Nc6 3. Nc3 e5 4. g3 Nf6 5. Bg2 Be7 6. d3 h6 7. O-O O-O 8. Ne1 d6 9. Nc2 Be6 10. Ne3 Rb8 11. Rb1 a6 12. b3 Qd7 13. Re1 b5 14.
Bb2 b4 15. Ncd5 a5 16. a4 bxa3 17. Bxa3 Nb4 18. Bxb4 axb4 19. Nxf6+ Bxf6 20. Nd5 Bxd5 21. Bxd5 g6 22. e4 Kh7 23. Ra1 Bg7 24. Ra6 f5 25.
Qa1 f4 26. Kg2 f3+ 27. Kh1 Qh3 28. Rg1 Qh5 29. Ra7 Qg5 30. Qc1 Qg4 31. Ra6 Rf6 32. Qf1 h5 33. h3 Qg5 34. Qc1 Qxc1 35. Rxc1 g5 36. Rca1 g4 37. h4 Bh6 38. Kg1 Bd2 39. Ra7+ Kh6 40. R1a6 Rd8 41. Re7 Kg6 42. Raa7 Rh8 43.
Red7 Bc1 44. Ra6 Bb2 45. Kf1 Bc3 46. Raa7 Kh6 47. Rg7 Bd2 48. Bg8 Rf8 49. Bh7 Rxh7 50. Rxh7+ Kg6 51. Rag7+ Kf6 52. Rd7 Ke6 53. Ra7 Re8 54.
Rh6+ Bxh6 0-1

[Event "*** Titled Tuesday Blitz"]
[Site "Chess.com"]
[Date "2020.04.14"]
[Round "4"]
[White "Megagigahiper3345"]
[Black "Casper_Schoppen"]
[Result "0-1"]
[WhiteElo "2491"]
[BlackElo "2985"]
[TimeControl "180+1"]
[EndTime "10:40:31 PDT"]
[Termination "Casper_Schoppen won by resignation"]

1. d4 Nf6 2. c4 e6 3. Nf3 d5 4. Nc3 a6 5. cxd5 exd5 6. Bg5 Be6 7. e3 Nbd7 8. Bd3 Bd6 9. O-O O-O 10. Bf4 Bxf4 11.
exf4 Bg4 12. h3 Bxf3 13. Qxf3 c6 14. Rad1 Re8 15. b3 Qe7 16. g4 Nf8 17. f5 Qb4 18.
Ne2 Ne4 19. Qf4 Qd6 20. Qxd6 Nxd6 21. Nf4 Nb5 22. Bxb5 axb5 23. Rd2 Re4 24. Ng2 Nd7 25. f3 Ree8 26. Kf2 Ra3 27. Rc1 g6 28. fxg6 fxg6 29.
Rcc2 Rf8 30. Re2 Rf7 31. Kg3 Ra8 32. Re6 Raf8 33. Re3 Nb6 34. Rce2 Nc8 35. Ne1 Nd6 36. Nd3 Kg7 37. Re7 Ne4+ 38. fxe4 Rxe7 39. e5 Ref7 40. Re3 Rf1 41. Nc5 R8f7 42. Ne6+ Kg8 43. Ng5 Re7 44.
Nf3 Kg7 45. h4 Rd1 46. b4 Rb1 47. a3 Rd1 48. h5 gxh5 49. gxh5 Kh6 50. Nh4 Kg5 51.
Nf3+ Kxh5 52. e6 Kg6 53. Kf4 Kf6 54. Ng5 Rf1+ 55. Kg4 Rg1+ 56. Kh5 Rxg5+ 57. Kh6 Rg6+ 58. Kh5 Rxe6 59. Rf3+ Kg7 0-1

[Event "*** Titled Tuesday Blitz"]
[Site "Chess.com"]
[Date "2020.04.14"]
[Round "4"]
[White "Larina_Marija"]
[Black "tgpgoat"]
[Result "1-0"]
[WhiteElo "2340"]
[BlackElo "2098"]
[TimeControl "180+1"]
[EndTime "10:40:31 PDT"]
[Termination "Larina_Marija won on time"]

1. e4 c5 2. Nc3 Nc6 3. Nf3 e6 4. d4 cxd4 5. Nxd4 Qc7 6. g3 Nf6 7. Bg2 a6 8. O-O d6 9. Re1 Be7 10.
Nxc6 bxc6 11. e5 dxe5 12. Rxe5 Bb7 13. Re1 Rd8 14. Qe2 O-O 15. b3 c5 16. f3 Nd5 17.
Ne4 Nf6 18. Bb2 Nxe4 19. fxe4 e5 20. c4 f6 21. Rad1 Rxd1 22. Rxd1 Rd8 23. Bc3 Rxd1+ 24. Qxd1 Qd6 25. Qe2 Bc8 26. Bf3 Bb7 27. Bg4 Bc6 28.
Bf5 Bd7 29. Bxd7 Qxd7 30. Kg2 Kf7 31. Qh5+ Kg8 32. Qe2 Kf7 33. h4 g6 34. h5 Kg7 35. hxg6 hxg6 36. Qd2 Qxd2+ 37. Bxd2 Kf7 38. a3 Ke6 39. b4 cxb4 40. axb4 Kd7 41. b5 axb5 42.
cxb5 f5 43. Kf3 Kc7 44. Be3 Kb7 45. g4 f4 46. Bf2 Bf6 47. Ke2 Kc7 48. Kd3 Kd6 49. Kc4 Bd8 50. Bc5+ Ke6 51. b6 Kd7 52. Kd5 Kc8 53. Kc6 Bxb6 54. Bxb6 1-0

[Event "*** Titled Tuesday Blitz"]
[Site "Chess.com"]
[Date "2020.04.14"]
[Round "4"]
[White "Ruchess27"]
[Black "binbin239"]
[Result "0-1"]
[WhiteElo "2258"]
[BlackElo "2450"]
[TimeControl "180+1"]
[EndTime "10:40:32 PDT"]
[Termination "binbin239 won on time"]

1. d4 Nf6 2. c4 g6 3. Nf3 Bg7 4. g3 O-O 5. Bg2 d5 6. O-O dxc4 7. Na3 Na6 8. Nxc4 c5 9. dxc5 Be6 10. Ne3 Nxc5 11.
Nd4 Bd7 12. b4 Nce4 13. Bb2 Rc8 14. Qd3 Nd6 15. h3 Qb6 16. g4 Qxb4 17. Rfb1 Qa5 18. Bc1 Bc6 19. Bd2 Qd8 20. Nxc6 bxc6 21. Rc1 c5 22.
Rab1 Nd7 23. Nd5 e6 24. Ne3 Ne5 25. Qa6 Qe7 26. Rd1 Rfd8 27. Ba5 Rc6 28. Bxc6 Rf8 29. Bg2 Nc8 30. Rb7 Qf6 31. Rc7 Ne7 32. Qxa7 Nd5 33. Nxd5 exd5 34. Rxd5 Qf4 35. Qxc5 h5 36. Rd1 hxg4 37. Bd2 Qf6 38. hxg4 Nxg4 39. Rc6 Qh4 40. Bf4 Nf6 41. Bg3 Qa4 42. Rc8 Qxd1+ 43. Bf1 Qa4 44. Rxf8+ Bxf8 45. Qb6 Ne4 46. Be5 Qe8 47. Bb2 Bc5 48.
Qb3 Bxf2+ 49. Kg2 Bc5 50. Qf3 Bf8 51. e3 Bg7 52. Bxg7 Kxg7 53. Bc4 Nf6 54. Qf4 Qc6+ 0-1

[Event "*** Titled Tuesday Blitz"]
[Site "Chess.com"]
[Date "2020.04.14"]
[Round "4"]
[White "Apocalyps999"]
[Black "Zmof"]
[Result "0-1"]
[WhiteElo "2428"]
[BlackElo "2311"]
[TimeControl "180+1"]
[EndTime "10:40:33 PDT"]
[Termination "Zmof won on time"]

1. e4 c5 2. Nf3 Nc6 3. d4 cxd4 4. Nxd4 Qb6 5. Nb3 Nf6 6. Nc3 e6 7. Be3 Qc7 8. Bd3 d6 9. O-O a6 10. f4 b5 11. a3 Bb7 12. Qe1 Be7 13. Qg3 O-O 14.
Rae1 Kh8 15. Qh3 Nd7 16. e5 g6 17. exd6 Bxd6 18. f5 Nce5 19. f6 Nxd3 20. cxd3 Rfd8 21. Ne4 Bxe4 22. dxe4 Ne5 23. Rc1 Nc4 24. Nd4 Qa7 25.
Rxc4 bxc4 26. Nxe6 Qd7 27. Nxd8 Qxh3 28. Nxf7+ Kg8 29. Nh6+ Qxh6 30. Bxh6 Kf7 31. Bf4 Bc5+ 32. Kh1 Re8 33. e5 Bd4 34. Re1 Bxb2 35. a4 c3 36.
g4 c2 37. g5 Bxe5 38. Bxe5 Rxe5 39. Rc1 Rxg5 40. Rxc2 Ra5 41. Rc4 Kxf6 42. Kg2 Ke5 43.
Kf3 g5 44. Kg4 h6 45. Kh5 Rd5 46. Kxh6 Kf5 47. Rc8 Rd3 0-1

[Event "*** Titled Tuesday Blitz"]
[Site "Chess.com"]
[Date "2020.04.14"]
[Round "4"]
[White "NastaJ"]
[Black "checkmatequen"]
[Result "0-1"]
[WhiteElo "1922"]
[BlackElo "2213"]
[TimeControl "180+1"]
[EndTime "10:40:33 PDT"]
[Termination "checkmatequen won on time"]

1. e4 c5 2. c3 d5 3. exd5 Qxd5 4. d4 Nf6 5. Nf3 Bg4 6. Be2 Nc6 7. Be3 cxd4 8. cxd4 e6 9. O-O Be7 10. Nc3 Qd6 11. h3 Bh5 12. Qb3 O-O 13. Rfd1 Rfd8 14. Nb5 Qd7 15. Ne5 Qc8 16. Bxh5 Nxh5 17. Rac1 a6 18.
Nxc6 bxc6 19. Nc3 Rb8 20. Qc2 Qb7 21. Na4 Rbc8 22. Nc5 Bxc5 23. dxc5 Nf6 24. Bg5 Rxd1+ 25. Rxd1 Nd5 26. a3 f6 27. Bc1 Rb8 28. b4 e5 29.
Qc4 Qb5 30. Qb3 a5 31. Bd2 Kf8 32. Qc2 axb4 33. axb4 g6 34. Rb1 Kg7 35. Qa2 Qb7 36.
Kh2 Ra8 37. Qc2 Qb5 38. Qb3 Ra4 39. Be1 Nc7 40. Qd1 Nd5 41. Qb3 Ra7 42. Bd2 Rd7 43.
Be1 Nf4 44. g3 Rd3 45. Qa2 Nd5 46. Qa7+ Kh6 47. Rb2 Rd1 48. Bd2+ g5 0-1

[Event "*** Titled Tuesday Blitz"]
[Site "Chess.com"]
[Date "2020.04.14"]
[Round "4"]
[White "SARGISMV"]
[Black "Nesty_Javi_Chess"]
[Result "1-0"]
[WhiteElo "2475"]
[BlackElo "2779"]
[TimeControl "180+1"]
[EndTime "10:40:35 PDT"]
[Termination "SARGISMV won by checkmate"]

1. Nf3 Nf6 2. c4 g6 3. Nc3 Bg7 4. e4 d6 5. d4 O-O 6. Be2 e5 7. O-O Nc6 8. d5 Ne7 9. Ne1 Ne8 10. Nd3 f5 11. Bd2 h5 12. f3 f4 13. c5 g5 14.
cxd6 cxd6 15. h3 Rf7 16. Nf2 Bf8 17. Qc2 Ng6 18. Rfc1 Bd7 19. a4 Qf6 20. Ra3 Nh4 21. Qd1 Qg6 22. Be1 Nf6 23. Nb5 Ne8 24. Rac3 Be7 25.
Nc7 Nxc7 26. Rxc7 Bd8 27. R7c3 Bb6 28. Kf1 Raf8 29. b4 g4 30. fxg4 f3 31. gxf3 hxg4 32. Nxg4 Bxg4 33. Bxh4 Bxf3 34. Bxf3 Rxf3+ 35. Rxf3 Qg1+ 36. Ke2 Qg2+ 37. Rf2 Bxf2 38. Bxf2 Rxf2+ 39. Kd3 Rf3+ 40. Kc4 Rg3 41. Kb5 Qxe4 42. Rc8+ Kg7 43. Rc7+ Kg6 44. Rxb7 a6+ 45. Kxa6 Rxh3 46. Qg1+ Kf6 47. Qg7+ Kf5 48.
Rf7# 1-0

[Event "*** Titled Tuesday Blitz"]
[Site "Chess.com"]
[Date "2020.04.14"]
[Round "4"]
[White "mshuaau0"]
[Black "medalja"]
[Result "1-0"]
[WhiteElo "2227"]
[BlackElo "2421"]
[TimeControl "180+1"]
[EndTime "10:40:35 PDT"]
[Termination "mshuaau0 won by checkmate"]

1. e4 c6 2. Nf3 d5 3. Nc3 dxe4 4. Nxe4 Bg4 5. h3 Bh5 6. Ng3 Bxf3 7. Qxf3 Nf6 8. Bc4 Nbd7 9. Bb3 e6 10. d3 Bb4+ 11.
c3 Bd6 12. d4 O-O 13. Bg5 h6 14. Bxf6 Qxf6 15. Qxf6 Nxf6 16. O-O a5 17. a4 c5 18.
dxc5 Bxc5 19. Rfd1 Rfd8 20. Kf1 Kf8 21. Ke2 Ke7 22. Rxd8 Rxd8 23. Rd1 h5 24. Rxd8 Kxd8 25. f3 h4 26. Ne4 Nd7 27. Bc2 Be7 28. Kd3 f5 29.
Nd2 Ne5+ 30. Kd4 Bf6 31. Kc5 Kc7 32. Nc4 Nd7+ 33. Kb5 b6 34. f4 g5 35. fxg5 Bxg5 36. Bb3 e5 37. Bd1 e4 38. b4 axb4 39. cxb4 Bf6 40.
a5 bxa5 41. bxa5 Bd4 42. Nd2 Nf6 43. Kc4 Ba7 44. Nb3 f4 45. Nd4 Nd7 46. Nb5+ Kb7 47. Nxa7 Kxa7 48. Kd4 e3 49. Ke4 Nf6+ 50. Kxf4 Nd5+ 51.
Kf3 Nc3 52. Be2 Nxe2 53. Kxe2 Ka6 54. Kxe3 Kxa5 55. Kf4 Kb5 56. Kg4 Kc5 57. Kxh4 Kd4 58. Kg5 Ke4 59. h4 Ke3 60. g4 Kf2 61. h5 Kg2 62. h6 Kg1 63. h7 Kg2 64. h8=Q Kg1 65.
Qh3 Kf2 66. Kf4 Kg1 67. Qg3+ Kh1 68. Qf3+ Kg1 69. Qe2 Kh1 70. Kg3 Kg1 71. Qg2# 1-0

[Event "*** Titled Tuesday Blitz"]
[Site "Chess.com"]
[Date "2020.04.14"]
[Round "4"]
[White "misha_chessone"]
[Black "Efremov_Vlad"]
[Result "0-1"]
[WhiteElo "2209"]
[BlackElo "2134"]
[TimeControl "180+1"]
[EndTime "10:40:35 PDT"]
[Termination "Efremov_Vlad won by resignation"]

1. d4 d5 2. c4 e6 3. Nc3 Bb4 4.
Qc2 Nf6 5. cxd5 exd5 6. Bg5 O-O 7. e3 h6 8. Bh4 c5 9. dxc5 d4 10. exd4 Qxd4 11. Bxf6 Qxf6 12. Nf3 Re8+ 13. Be2 Bxc3+ 14. bxc3 Qe7 15. Rd1 Na6 16. Rd2 Nxc5 17. O-O Bg4 18. h3 Bh5 19. Nd4 Bg6 20. Qb2 Ne4 21. Rdd1 Rac8 22.
Bb5 Red8 23. Ne2 Bh5 24. Rxd8+ Rxd8 25. Nd4 Qc5 26. Rc1 Nxc3 27. Qxc3 Qxc3 28. Rxc3 Rxd4 29. Rd3 Rxd3 30. Bxd3 Kf8 31. f4 Ke7 32. g4 Bg6 33. f5 Bh7 34. Kf2 g6 35. fxg6 Bxg6 36. Bc4 Kd6 37.
Ke3 Ke5 38. Bb5 f5 39. gxf5 Bxf5 40. Bf1 Be6 41. a3 a6 42. Bg2 b5 43. Bf1 Bc4 44. Bg2 a5 45. Bf3 b4 46. axb4 axb4 47. Kd2 Kd4 48. Bg4 b3 49. Kc1 Kc3 50. Bf5 Bd3 51. Bxd3 Kxd3 52. Kb2 Ke3 53. Kxb3 Kf3 54. Kc2 Kg3 55. Kd1 Kxh3 56. Ke1 Kg2 0-1

[Event "*** Titled Tuesday Blitz"]
[Site "Chess.com"]
[Date "2020.04.14"]
[Round "4"]
[White "MergenKakabaev"]
[Black "MisaPap"]
[Result "0-1"]
[WhiteElo "2452"]
[BlackElo "2657"]
[TimeControl "180+1"]
[EndTime "10:40:36 PDT"]
[Termination "MisaPap won on time"]

1. e4 e5 2. Nf3 Nc6 3. Bb5 a6 4.
Ba4 g6 5. O-O Bg7 6. c3 Nge7 7. d4 exd4 8. cxd4 b5 9. Bc2 d6 10.
h3 O-O 11. Nc3 Na5 12. Bf4 Bb7 13. Re1 Nc4 14. b3 Na3 15. Bd3 c5 16. Ne2 c4 17.
bxc4 bxc4 18. Bc2 d5 19. e5 Bc8 20. Nc3 Nxc2 21. Qxc2 Bf5 22. Qd2 Nc6 23. Bh6 Rb8 24. Bxg7 Kxg7 25. Nh2 Nb4 26. Ng4 Bxg4 27. hxg4 Nd3 28.
Reb1 Qd7 29. g5 Rbd8 30. Qe3 Qf5 31. Rb7 Rfe8 32. Rd1 Nf4 33. Qf3 Ne6 34. Qxf5 gxf5 35. f3 Nxg5 36. Kf2 Ne6 37. g3 Rb8 38. Rxb8 Rxb8 39.
Nxd5 Rb2+ 40. Kf1 Rxa2 41. Ne3 f4 42. gxf4 Nxf4 43. Nxc4 Nd5 0-1

[Event "*** Titled Tuesday Blitz"]
[Site "Chess.com"]
[Date "2020.04.14"]
[Round "4"]
[White "Mourinho_Jose"]
[Black "JakeCarlosBanawa"]
[Result "1-0"]
[WhiteElo "2624"]
[BlackElo "2351"]
[TimeControl "180+1"]
[EndTime "10:40:36 PDT"]
[Termination "Mourinho_Jose won on time"]

1. Nf3 Nf6 2. c4 e6 3. g3 b5 4. cxb5 a6 5. bxa6 Bxa6 6. Bg2 d5 7.
O-O c5 8. b3 Nc6 9. d3 Bd6 10.
Bb2 O-O 11. Nbd2 e5 12. a3 Re8 13. Nh4 Bc8 14. Qc2 Nd4 15. Bxd4 exd4 16. Rfe1 Bg4 17.
Nhf3 Qd7 18. Qb2 Rab8 19. Rac1 Re7 20. Kf1 Bh3 21. Ng5 Bxg2+ 22. Kxg2 h6 23. Ngf3 g5 24. Qa1 Ng4 25. b4 cxb4 26. axb4 Rxb4 27. Nxd4 Be5 28. N2f3 Bg7 29. Qc3 Rb8 30. Qc6 Rb2 31. Qxd7 Rxd7 32. h3 Ne5 33. Rc8+ Kh7 34. Nf5 Bf6 35. Nxe5 Bxe5 36.
Rc6 f6 37. d4 Kg6 38. dxe5 Kxf5 39. Rxf6+ Kxe5 40. Rxh6 d4 41. Rh5 Kf6 42. Rh6+ Kf5 43.
Ra6 Re7 44. Ra5+ Kf6 45. Rd5 Rd2 46. g4 d3 47. e3 Rc7 48. Rb1 Rcc2 49. Rf5+ Ke6 50.
Rb6+ Kd7 51. Rf7+ Kc8 52. Rg6 Kb8 53. Rg8+ Rc8 54. Rxc8+ Kxc8 55. Rf5 Re2 56. Rd5 Kc7 57. Rxd3 Kc6 58. Rd4 1-0

[Event "*** Titled Tuesday Blitz"]
[Site "Chess.com"]
[Date "2020.04.14"]
[Round "4"]
[White "Atanejhad"]
[Black "kaumandur01"]
[Result "0-1"]
[WhiteElo "2550"]
[BlackElo "2802"]
[TimeControl "180+1"]
[EndTime "10:40:37 PDT"]
[Termination "kaumandur01 won on time"]

1. e4 c5 2. Nf3 d6 3. d4 cxd4 4. Nxd4 Nf6 5. Nc3 a6 6. Be3 e5 7. Nb3 Be6 8. Qd2 Be7 9. f3 h5 10. O-O-O Nbd7 11. h3 Rc8 12. Kb1 Qc7 13. Bd3 h4 14.
Rhe1 b5 15. f4 Nb6 16. fxe5 dxe5 17. Bxb6 Qxb6 18. Nd5 Bxd5 19. exd5 Rh5 20. Be2 Rf5 21. d6 Rd8 22. Bd3 Rxd6 23. Qc3 Rg5 24. Qc8+ Rd8 25. Qc3 b4 26. Qc4 a5 27. Qb5+ Qxb5 28. Bxb5+ Kf8 29. Nxa5 Rxd1+ 30. Rxd1 Rxg2 31. Nc6 g6 32. Nxe5 Rg3 33. Bf1 Bc5 34. Nd3 Bd6 35. Nc1 Ke7 36. Ne2 Re3 37.
Nd4 Nh5 38. Be2 Nf4 39. Bf1 Bc5 40. Nc6+ Kf6 41. Nd8 Nxh3 42. Bxh3 Rxh3 43. Rf1+ Ke5 44. Nxf7+ Kd5 45. Ng5 Rg3 46. Rd1+ Kc6 47. Ne4 Rg2 48.
Nxc5 Kxc5 49. a3 bxa3 50. bxa3 h3 51. Kb2 h2 52. a4 Rg1 0-1

[Event "*** Titled Tuesday Blitz"]
[Site "Chess.com"]
[Date "2020.04.14"]
[Round "4"]
[White "Igrok3069"]
[Black "vizumatv4hoda"]
[Result "0-1"]
[WhiteElo "2531"]
[BlackElo "2744"]
[TimeControl "180+1"]
[EndTime "10:40:37 PDT"]
[Termination "vizumatv4hoda won on time"]

1. d4 Nf6 2. Nf3 g6 3. g3 Bg7 4. Bg2 O-O 5. O-O d6 6. b3 Nc6 7.
Bb2 e5 8. dxe5 Ng4 9. Qc1 Ngxe5 10. Nxe5 Nxe5 11. c4 Rb8 12. Nc3 Bd7 13. Qd2 Bc6 14.
Nd5 Bxd5 15. cxd5 Re8 16. Rac1 Qd7 17. Rc2 c5 18. dxc6 bxc6 19. Rd1 d5 20. Rdc1 Re6 21. Bd4 Rbe8 22. e3 h5 23. Qa5 Nd3 24. Bxg7 Nxc1 25.
Ba1 Nd3 26. Qc3 Ne5 27. f4 d4 28. exd4 Nf3+ 29. Bxf3 Re3 30. Qxc6 Re1+ 31. Kg2 Qxc6 32. Bxc6 R8e2+ 33. Rxe2 Rxe2+ 34. Kf3 Rxa2 35. Bc3 Rc2 36. Bb4 Rxc6 37. Bc5 f5 38. b4 a6 39. d5 Rc8 40.
Ke3 Kf7 41. Kd4 Re8 42. Bd6 Re2 43. h4 Rg2 44. Kc5 Rxg3 45. Be5 Ke8 46. Kb6 Rb3 47. Bd6 Kd7 48. Bc5 Rh3 49. Kxa6 Rxh4 50. b5 Rh1 51. b6 Rb1 52. b7 Rxb7 53. Kxb7 h4 54. Kb6 h3 55.
Bg1 Kd6 56. Bh2 Kxd5 57. Kc7 Ke4 58. Kd6 Kf3 0-1

[Event "*** Titled Tuesday Blitz"]
[Site "Chess.com"]
[Date "2020.04.14"]
[Round "4"]
[White "cancrushyou"]
[Black "Chessialist"]
[Result "0-1"]
[WhiteElo "2432"]
[BlackElo "2645"]
[TimeControl "180+1"]
[EndTime "10:40:37 PDT"]
[Termination "Chessialist won by resignation"]

1. d4 Nf6 2. c4 e5 3. dxe5 Ng4 4. Nf3 Bc5 5. e3 Nc6 6. Nc3 Ngxe5 7. b3 O-O 8. Bb2 a5 9. Be2 Re8 10. O-O d6 11.
Nd5 Nxf3+ 12. Bxf3 Ne5 13. Bd4 c6 14. Bxc5 cxd5 15.
Bd4 dxc4 16. bxc4 Nxc4 17. Bd5 Ne5 18. Rb1 Nc6 19. Qh5 Be6 20. Bb6 Qf6 21. Rfd1 Bxd5 22. Qxd5 Nb4 23. Qxd6 Qxd6 24. Rxd6 Nxa2 25. Ra1 Nc3 26.
Rxa5 Ne4 27. Rd4 Nf6 28. Rxa8 Rxa8 29. f3 h5 30. e4 Ra2 31. Bd8 Nh7 32. Rb4 Rd2 33.
Bh4 Rd7 34. h3 g5 35. Bf2 Kg7 36. g4 h4 37. Bd4+ Kg6 38. Kf2 Nf8 39. Ke3 Ne6 40. Rb6 Rxd4 41. Rxe6+ fxe6 42. Kxd4 Kf6 43. e5+ Ke7 44. f4 gxf4 45. Ke4 Kf7 46. Kxf4 Kg6 47. Ke4 Kg5 48. Kd4 Kf4 49. Kc5 Kxe5 50. Kb6 Kf4 51. Kxb7 e5 52. Kc6 e4 53. Kd5 e3 0-1

[Event "*** Titled Tuesday Blitz"]
[Site "Chess.com"]
[Date "2020.04.14"]
[Round "4"]
[White "Alliswell998"]
[Black "Dynamikus"]
[Result "0-1"]
[WhiteElo "2560"]
[BlackElo "2750"]
[TimeControl "180+1"]
[EndTime "10:40:38 PDT"]
[Termination "Dynamikus won on time"]

1. d4 Nf6 2. Bg5 d5 3. Bxf6 exf6 4. e3 Bd6 5. c4 dxc4 6. Bxc4 O-O 7. Nc3 f5 8. Nf3 Nd7 9. O-O Nf6 10. Rc1 c6 11. a3 Qe7 12. b4 a5 13. Na4 axb4 14. axb4 Bxb4 15. Nb6 Rb8 16. Ne5 Bd6 17. f4 Be6 18. Qb3 Bxc4 19. Nbxc4 Bc7 20. Nb6 Bxb6 21. Qxb6 Nd5 22.
Qb3 f6 23. Nc4 Rfe8 24. Rf3 Ra8 25. Qb1 b5 26. Nd2 Qb4 27. Nf1 Qxb1 28. Rxb1 b4 29. Rf2 Ra3 30. Rc2 Re6 31. Kf2 Kf7 32. h3 h5 33. Rc4 h4 34. Rbc1 Ra2+ 35. Kg1 b3 36. Rb1 Nxe3 37. Nxe3 Rxe3 38. Rb4 Rg3 39.
R4xb3 Rgxg2+ 40. Kh1 Rgd2 41. Rb7+ Kg8 42. Rc7 Rh2+ 43.
Kg1 Rag2+ 44. Kf1 Rc2 45. Kg1 Rxh3 46. d5 Rg3+ 47. Kh1 Rh3+ 48. Kg1 Rg3+ 49. Kh1 Rd3 50. Rxc6 Rxc6 51. dxc6 Rc3 52. Rb6 Kh7 53. Kg1 Kh6 54.
Ra6 Kh5 55. Kg2 Kg4 56. Ra7 g5 57. fxg5 fxg5 58. c7 Rc2+ 59. Kf1 f4 60. Ke1 h3 61. Kd1 Rc6 62. Kd2 h2 63. Ra1 Rxc7 0-1

[Event "*** Titled Tuesday Blitz"]
[Site "Chess.com"]
[Date "2020.04.14"]
[Round "4"]
[White "LuckIsMySkill"]
[Black "Hanging_pointer"]
[Result "0-1"]
[WhiteElo "2727"]
[BlackElo "2557"]
[TimeControl "180+1"]
[EndTime "10:40:38 PDT"]
[Termination "Hanging_pointer won by checkmate"]

1. Nf3 c6 2. c4 d5 3. e3 Nf6 4.
b4 Bg4 5. b5 e6 6. a4 Nbd7 7. h3 Bh5 8. a5 Ne5 9. a6 Nxf3+ 10.
gxf3 bxa6 11. Rxa6 cxb5 12. cxd5 Qxd5 13. Bb2 Be7 14.
Nc3 Qxf3 15. Bxb5+ Kf8 16. Qxf3 Bxf3 17. Rg1 Bb7 18. Ra4 g6 19. Ke2 Kg7 20. Rga1 Rhb8 21. Rxa7 Rxa7 22. Rxa7 Kg8 23. Ba3 Bxa3 24. Rxa3 Nd5 25.
Na4 Ra8 26. Rb3 Ne7 27. Nc5 Bd5 28. Rc3 Ra5 29. Bd7 Bg2 30. h4 Nf5 31. e4 Nxh4 32. d4 g5 33. Be8 Kf8 34. Bc6 h6 35. d5 exd5 36. Bxd5 Ng6 37. Nb7 Ra7 38. Rc8+ Kg7 39.
Nd6 Nf4+ 40. Kd2 Nxd5 41. exd5 Bxd5 42. Rd8 Be6 43. Ke3 Rd7 44. Ne8+ Kg6 45. Rb8 h5 46. Kf3 h4 47. Kg2 g4 48. Kh2 Rd2 49. Kg1 h3 50. Nc7 Bf5 51. Rb6+ Kg5 52. Rb5 g3 53. fxg3 Kg4 54.
Nd5 h2+ 55. Kh1 Be4# 0-1

[Event "*** Titled Tuesday Blitz"]
[Site "Chess.com"]
[Date "2020.04.14"]
[Round "4"]
[White "IwkooO"]
[Black "MarcoRiehle"]
[Result "0-1"]
[WhiteElo "2532"]
[BlackElo "2721"]
[TimeControl "180+1"]
[EndTime "10:40:38 PDT"]
[Termination "MarcoRiehle won by resignation"]

1. e4 e5 2. Nf3 Nf6 3. d4 Nxe4 4. Bd3 Nc6 5. dxe5 Nc5 6. O-O Nxd3 7. Qxd3 Be7 8. Nc3 O-O 9. Nd5 Re8 10. Bf4 h6 11. e6 dxe6 12. Nxc7 Qxd3 13. cxd3 Bd7 14. Nxa8 Rxa8 15. Ne5 Nxe5 16. Bxe5 Bc6 17. Rac1 Rd8 18. Rfd1 Rd5 19. Bc3 Rg5 20. g3 Rg6 21. Bd4 a6 22. a3 h5 23. Rc3 h4 24. Rdc1 hxg3 25. fxg3 Rg4 26. Be3 Bf6 27. R3c2 Ra4 28. Kf2 Ra5 29.
Rd2 Rf5+ 30. Kg1 Rf3 31. Bf2 Bg5 32. Rcd1 Bxd2 33. Rxd2 Bb5 34. Kg2 Rf5 35. Bd4 Rd5 36. Bc3 Bxd3 37. Kf2 Rf5+ 38. Ke3 Bb5 39. Rd8+ Kh7 40.
Rd4 Bc6 41. Rg4 e5 42. Rc4 f6 43. Rh4+ Kg6 44. Rh8 Rf1 45. Rd8 f5 46. Rd6+ Kf7 47.
Bxe5 Rf3+ 48. Kd4 Rb3 49. Kc5 Rb5+ 50. Kd4 Rxb2 51. Rxc6 bxc6 52. Kc5 Rb5+ 53. Kxc6 0-1

[Event "*** Titled Tuesday Blitz"]
[Site "Chess.com"]
[Date "2020.04.14"]
[Round "4"]
[White "2nd_life"]
[Black "RovenVogel"]
[Result "1-0"]
[WhiteElo "2426"]
[BlackElo "2615"]
[TimeControl "180+1"]
[EndTime "10:40:38 PDT"]
[Termination "2nd_life won by resignation"]

1. e4 e5 2. f4 exf4 3. Nf3 Nf6 4. Nc3 g6 5. d4 Nh5 6. Bc4 Bg7 7. O-O d6 8. Nd5 Be6 9. Bb3 Bxd5 10. Bxd5 Nc6 11. c3 O-O 12. Qa4 Qe8 13. Ng5 h6 14. Nxf7 Rxf7 15. Bxf4 Nf6 16. Bxf7+ Qxf7 17. e5 dxe5 18.
dxe5 Ng4 19. Bxh6 Qe6 20. Bxg7 Kxg7 21. Rf4 Ncxe5 22. Raf1 Rd8 23. Qe4 Qb6+ 24. Kh1 Qa6 25. h3 Rh8 26. Kg1 Qb6+ 27. Qd4 Qxd4+ 28. cxd4 Ne3 29.
dxe5 Nxf1 30. Kxf1 Rd8 31. Re4 Rd2 32. Re2 Rd1+ 33.
Kf2 Kf7 34. Kg3 Ke6 35. Kg4 c5 36. Kg5 c4 37. Kxg6 b5 38. g4 b4 39. h4 Rd4 40.
Kg5 c3 41. bxc3 bxc3 42. Rc2 Rc4 43. h5 Kxe5 44. h6 Kd4 45. Kh5 Kd3 46. Rc1 Kd2 47. Rh1 c2 48. h7 Rc5+ 49. g5 Rc8 50. g6 Rh8 51. Kh6 c1=Q 52. Rxc1 Kxc1 53. g7 Re8 54. h8=Q 1-0

[Event "*** Titled Tuesday Blitz"]
[Site "Chess.com"]
[Date "2020.04.14"]
[Round "4"]
[White "arctic_t00"]
[Black "ahachess"]
[Result "0-1"]
[WhiteElo "2484"]
[BlackElo "2330"]
[TimeControl "180+1"]
[EndTime "10:40:39 PDT"]
[Termination "ahachess won by resignation"]

1. d4 Nf6 2. Nf3 g6 3. Nbd2 Bg7 4. e4 d6 5. Bb5+ c6 6. Bd3 O-O 7. O-O Qc7 8. c3 c5 9. h3 b6 10. Re1 Nc6 11. d5 Na5 12. Rb1 Nh5 13. b4 Nb7 14.
Bb2 Nf4 15. Bf1 e5 16. dxe6 fxe6 17. g3 Nh5 18. Bg2 Bd7 19. Qb3 Rae8 20. Rbd1 Bc6 21.
b5 Bd7 22. c4 Bxb2 23. Qxb2 e5 24. Qc3 Ng7 25. Qe3 Ne6 26. Qh6 Qd8 27. Nf1 Qf6 28. Rd2 Bc8 29. Ne3 Nd4 30. Ng5 Qg7 31. Qxg7+ Kxg7 32. f4 exf4 33. gxf4 Rxf4 34. Nd5 Rff8 35. Rf2 Rxf2 36.
Kxf2 Rf8+ 37. Kg3 h6 38. Nf3 Nxf3 39. Bxf3 Bxh3 40. e5 dxe5 41. Rxe5 Bc8 42. Re7+ Rf7 43. Re8 Bf5 44. Ra8 Nd6 45. Be2 Be4 46. Nf4 Nf5+ 47.
Kf2 Nd4 48. Rb8 Rxf4+ 49. Ke3 Rf7 50. Ra8 Bxa8 51. Bf3 0-1